 Dungeon Crawl Stone Soup version 0.29.0-4-gdea44cf6ec (webtiles) character file.

Game seed: 5217271168740011570

88 qw the Chopper (level 4, 0/39 HPs)
             Began as a Minotaur Fighter on Sept 4, 2022.
             Slain by an orc warrior
             ... wielding a +0 glaive
              (9 damage)
             ... on level 3 of the Dungeon.
             The game lasted 00:00:48 (2287 turns).

qw the Chopper (Minotaur Fighter)                   Turns: 2287, Time: 00:00:49

Health: 0/39       AC:  6    Str: 23    XL:     4   Next: 30%
Magic:  3/3        EV: 10    Int:  5    God:
Gold:   129        SH:  4    Dex:  9    Spells: 3/3 levels left

rFire   . . .      SeeInvis .   Y - +0 war axe
rCold   . . .      Faith    .   c - +0 buckler
rNeg    . . .      Spirit   .   b - +0 scale mail
rPois   .          Reflect  .   (helmet restricted)
rElec   .          Harm     .   (no cloak)
rCorr   .          Rampage  .   (no gloves)
Will    .....                   (no boots)
Stlth   ..........              (no amulet)
HPRegen 0.13/turn               (no ring)
MPRegen 0.08/turn               (no ring)

@: no status effects
A: horns 2, retaliatory headbutt
a: no special abilities


You were on level 3 of the Dungeon.
You visited 1 branch of the dungeon, and saw 3 of its levels.

You collected 129 gold pieces.


Innate Abilities, Weirdness & Mutations

You have a pair of horns on your head.
You reflexively headbutt those who attack you in melee.


   Skills:
 - Level 3.6 Fighting
 + Level 5.1 Axes
 - Level 3.6 Armour
 - Level 1.7 Dodging
 - Level 3.6 Shields


You had 3 spell levels left.
You didn't know any spells.
Your spell library was empty.

Inventory:

Hand Weapons
 f - a +2 vampiric whip
 Y - a +0 war axe (weapon)
Armour
 b - a +0 scale mail (worn)
 c - a +0 buckler (worn)
Scrolls
 i - a scroll of identify
Potions
 d - a potion of might
 e - a potion of cancellation {unknown}
 g - 2 potions of curing
 h - a potion of resistance {unknown}
 j - a potion of invisibility {unknown}
 l - 2 potions of brilliance {unknown}

Dungeon Overview and Level Annotations

Branches:
Dungeon (3/15)

Altars:
Nemelex Xobeh


Message History

The orc warrior shouts!
The orc wizard barely misses you.
You slash the orc wizard! You headbutt the orc wizard.
The orc wizard is almost dead.
An orc comes into view. It is wielding a +0 falchion.
The orc wizard hits you but does no damage.
You barely miss the orc wizard.
The orc wizard is almost dead.
The orc shouts!
An orc comes into view. It is wielding a +0 flail.
The orc wizard barely misses you. You furiously retaliate!
You headbutt the orc wizard!
You kill the orc wizard!
Your Dodging skill increases to level 1!
You have reached level 4!
You feel stronger.
2279 ||| Stepping ~*~*~tactically~*~*~ (hiding).
You start waiting.
An orc warrior is nearby!
The orc warrior closely misses you.
The orc shouts!
You hit the orc warrior but do no damage.
Your headbutt misses the orc warrior.
The orc warrior hits you with a +0 glaive.
You closely miss the orc warrior. Your headbutt misses the orc warrior.
You hit the orc. The orc barely misses you. The orc warrior barely misses you.
You furiously retaliate!
You headbutt the orc warrior, but do no damage.
You slash the orc!
You kill the orc!
You closely miss the orc warrior. The orc warrior misses you.
You closely miss the orc warrior.
The orc warrior hits you with a +0 glaive! x2
You slash the orc warrior! You headbutt the orc warrior.
The orc warrior is heavily wounded.
You hit the orc but do no damage. You block the orc's attack.
The orc warrior hits you with a +0 glaive!
You die...

#.# #.# #.# #### #.#
... ####.##### #.#
#........# #.##
#..#)###.# #.!##
#....###.######...####
....[........(..@o...+
#....###.####.###o####
#..#.###.# #.# .#
#........# #[# .#
####.##### ... .. #..#
.## #. #.## #. .# #.#
#. .# #.# #.


You could see an orc warrior and an orc.

Vanquished Creatures
  An orc wizard (D:3)
  2 adders (D:2)
  A shadow imp (D:3)
  A worm (D:2)
  2 dart slugs (D:1)
  An orc (D:3)
  7 ball pythons
  3 bats
  3 hobgoblins
  2 kobolds
  A quokka (D:3)
  5 frilled lizards
  6 rats
35 creatures vanquished.

Notes
Turn   | Place    | Note
-------+----------+-------------------------------------------
     0 | D:1      | qw the Minotaur Fighter began the quest for the Orb.
     0 | D:1      | Reached XP level 1. HP: 19/19 MP: 0/0
     0 | D:1      | 0 ||| qw: Version: 0.1-a-103-gd6f5d3a
     0 | D:1      | 0 ||| qw: Game counter: 5710
     0 | D:1      | 0 ||| qw: Always use a shield: true
     0 | D:1      | 0 ||| qw: God list: Ru
     0 | D:1      | 0 ||| qw: Allow faded altars: false
     0 | D:1      | 0 ||| qw: Do Orc after D:15 true
     0 | D:1      | 0 ||| qw: Do second Lair branch before Depths: true
     0 | D:1      | 0 ||| qw: Lair rune preference: random
     0 | D:1      | 0 ||| qw: Plans: Normal
     0 | D:1      | 0 ||| PLANNING D:1-11
   229 | D:1      | 229 ||| Stepping ~*~*~tactically~*~*~ (hiding).
   350 | D:1      | Found a faded altar of an unknown god.
   428 | D:1      | Reached skill level 3 in Axes
   571 | D:1      | 571 ||| Stepping ~*~*~tactically~*~*~ (hiding).
   697 | D:1      | Reached XP level 2. HP: 23/26 MP: 1/1
   893 | D:1      | 893 ||| READING scroll labelled LATTUV VEBBAKH.
   894 | D:1      | 894 ||| READING scroll labelled OSTIURU ARAIV.
   895 | D:1      | 895 ||| READING scroll labelled HEOMESK RIUGGOU.
   896 | D:1      | 896 ||| READING scroll labelled BUOROH UGGIELU.
   897 | D:1      | 897 ||| DRINKING 3 puce potions.
  1045 | D:2      | Reached skill level 4 in Axes
  1125 | D:2      | Reached XP level 3. HP: 11/31 MP: 2/2
  1466 | D:2      | Found a sparkling altar of Nemelex Xobeh.
  1599 | D:2      | 1599 ||| Stepping ~*~*~tactically~*~*~ (stealth).
  1855 | D:2      | 1855 ||| DRINKING 2 golden potions.
  1856 | D:2      | 1856 ||| READING 2 scrolls of identify.
  1856 | D:2      | 1856 ||| IDENTIFYING bubbling ruby potion
  1857 | D:2      | 1857 ||| DROPPING potion of attraction.
  2003 | D:3      | 2003 ||| Stepping ~*~*~tactically~*~*~ (hiding).
  2011 | D:3      | HP: 4/31 [shadow imp/nerve-wracking pain (11)]
  2012 | D:3      | 2012 ||| DRINKING potion of heal wounds.
  2018 | D:3      | Reached skill level 5 in Axes
  2274 | D:3      | 2274 ||| Stepping ~*~*~tactically~*~*~ (hiding).
  2276 | D:3      | Noticed an orc warrior
  2279 | D:3      | Reached skill level 1 in Dodging
  2279 | D:3      | Reached XP level 4. HP: 39/39 MP: 3/3
  2279 | D:3      | 2279 ||| Stepping ~*~*~tactically~*~*~ (hiding).
  2286 | D:3      | HP: 8/39 [orc warrior/+0 glaive (17)]
  2287 | D:3      | Slain by an orc warrior

Levels and vault maps discovered:
D:1:      minmay_arrival_open_corners, layout_basic,
          shapermc_ecumenical_altar_totnotflames, grunt_decor_fettered,
          minmay_cupped
D:2:      layout_loops_ring, basic_altar
D:3:      layout_loops_corners, amcnicky_altar_gilded

Skill      XL: |  1  2  3 |
---------------+----------+-----
Axes           | 3 4 5 |  5.1
Dodging        | 1 |  1.7
Fighting       | |  3.6
Armour         | |  3.6
Shields        | |  3.6

Action                   |  1- 3 |  4- 6 || total
-------------------------+-------+-------++-------
Melee: War axe           |   104 |     5 ||   109
       Headbutt          |    11 |     1 ||    12
  Use: Scroll            |     5 |       ||     5
       Potion            |     3 |       ||     3
Armor: Scale mail        |    43 |       ||    43
Dodge: Dodged            |    40 |     4 ||    44
Block: Buckler           |    25 |     1 ||    26

Table legend:
 A = Non-vault XP
 B = Vault XP
 C = Vault XP percentage of total XP
 D = Non-vault monster count
 E = Vault monster count
 F = Vault count percentage of total count
                 A         B        C        D         E       F
            +---------+---------+-------+---------+---------+-------
      Total |     125 |       2 |   1.6 |      34 |       1 |   2.9
            +---------+---------+-------+---------+---------+-------
        D:1 |      12 |       2 |  14.3 |       5 |       1 |  16.7
        D:2 |      55 |       0 |   0.0 |      21 |       0 |   0.0
        D:3 |      58 |       0 |   0.0 |       8 |       0 |   0.0
            +---------+---------+-------+---------+---------+-------
